 Dungeon Crawl Stone Soup version 0.23.2-1-ga50397a6bc (webtiles) character file.

Game seed: 2284156182595155326

335 MachJacob the Digger (level 6, -8/32 HPs)
             Began as a Gargoyle Earth Elementalist on Apr 17, 2019.
             Killed by divine providence
             ... invoked by an orc priest
              (15 damage)
             ... on level 3 of the Dungeon.
             The game lasted 00:24:27 (3145 turns).

MachJacob the Digger (Gargoyle Earth Elementalist)  Turns: 3145, Time: 00:24:27

Health: -8/32      AC:  6    Str: 12    XL:     6   Next: 53%
Magic:  10/10      EV: 10    Int: 16    God:
Gold:   102        SH:  7    Dex: 11    Spells: 10/11 levels left

rFire    + . .     SeeInvis .   p - +2 dagger (holy)
rCold    + . .     Gourm    .   l - +0 shield
rNeg     + . .     Faith    .   c - +0 robe
rPois    ∞         Spirit   .   (no helmet)
rElec    +         Reflect  .   r - scarf {rC+ rF+}
rCorr    .         Harm     .   (no gloves)
MR       .....                  (no boots)
Stlth    ++........             (no amulet)
HPRegen  0.10/turn              (no ring)
MPRegen  0.12/turn              (no ring)

@: very slightly contaminated
A: negative energy resistance 1, electricity resistance, unbreathing,
petrification resistance, rot immunity, AC +4
a: no special abilities


You were on level 3 of the Dungeon.
You were not hungry.

You visited 1 branch of the dungeon, and saw 3 of its levels.

You collected 102 gold pieces.

Inventory:

Hand Weapons
 j - a +0 hand axe
 p - a +2 dagger of holy wrath (weapon)
Missiles
 b - 40 stones (quivered)
Armour
 c - a +0 robe (worn)
 l - a +0 shield (worn)
 m - a +0 robe
 r - a scarf of resistance (worn)
Scrolls
 a - a scroll of identify
 e - a scroll of teleportation
 k - a scroll of remove curse {unknown}
 n - 3 scrolls of amnesia
 q - a scroll of noise
Potions
 f - 4 potions of curing
 g - a potion of magic {unknown}
 i - 3 potions of brilliance {unknown}
 o - 2 potions of ambrosia {unknown}
Comestibles
 d - 7 rations
 h - a chunk of flesh


   Skills:
 + Level 2.9 Dodging
 + Level 4.0 Stealth
 + Level 1.8 Shields
 + Level 3.2 Spellcasting
   Level 0.7 Transmutations
 * Level 5.5 Earth Magic


You had 10 spell levels left.
You knew the following spells:

 Your Spells              Type           Power        Failure   Level  Hunger
a - Sandblast             Erth           ###...       11%         1    None

Your spell library contained the following spells:

 Spells                   Type           Power        Failure   Level  Hunger
 Passwall                 Tmut/Erth      ##......     38%         2    ##.....
 Stone Arrow              Conj/Erth      ##....       67%         3    ###....
 Petrify                  Tmut/Erth      ##......     95%         4    ####...
 Lee's Rapid Deconstruct  Erth           ###.......   96%         5    ######.


Dungeon Overview and Level Annotations

Branches:
Dungeon (3/15)

Altars:
Nemelex Xobeh
Okawaru
Xom


Innate Abilities, Weirdness & Mutations

You are resistant to torment.
Your stone body is resilient. (AC +4)
You are immune to poison.
You resist negative energy. (rN+)
You are resistant to electric shocks. (rElec)
You can survive without breathing.
You are immune to petrification.
You are immune to rotting.


Message History

The magic dart hits you.
The orc wizard mumbles some strange words.
The orc wizard blinks!
The orc priest mumbles some strange prayers to Beogh against you.
You barely resist.
The orc wizard mumbles some strange words.
The orc wizard seems to speed up.
The orc wizard gestures wildly while chanting.
The orc wizard blinks!
The orc priest mumbles some strange prayers to Beogh against you.
Beogh smites you!
The orc priest mumbles some strange prayers to Beogh against you.
Beogh smites you!
* * * LOW HITPOINT WARNING * * *
The orc wizard mumbles some strange words.
The orc wizard blinks!
The orc priest begins to cast a cantrip, but forgets the words!
The orc priest calls down the wrath of Beogh upon you.
Beogh smites you!
You die...

.....# .......##
........# ........#
...>....# ##############
.........###.............
.........##....o.[.#...##
..........o.o..o........#
........@###...o.........
.........# #....§.....(..
.......[.# #.............
.........# ########......
#........# #.......
##.....#.# #.......
#######.# ###.......
#.######..........
#.#......###......


You could see 2 orc priests, an orc wizard and an orc.

Vanquished Creatures
  Grinder (D:2)
  5 adders
  3 oozes
  5 worms (D:2)
  4 dart slugs
  2 leopard geckos
  An orc (D:2)
  A giant cockroach (D:1)
  4 hobgoblins
  4 jackals
  A quokka (D:2)
  11 bats
  6 frilled lizards
  8 goblins
  7 kobolds
  6 rats
69 creatures vanquished.

Notes
Turn   | Place    | Note
-------+----------+-------------------------------------------
     0 | D:1      | MachJacob the Gargoyle Earth Elementalist began the quest
                  | for the Orb.
     0 | D:1      | Reached XP level 1. HP: 10/10 MP: 3/3
   401 | D:1      | Reached XP level 2. HP: 10/15 MP: 3/5
   974 | D:1      | Reached skill level 4 in Earth Magic
   974 | D:1      | Reached XP level 3. HP: 19/19 MP: 3/6
  1457 | D:2      | Found an ancient bone altar of Kikubaaqudgha.
  1469 | D:2      | Found an iron altar of Okawaru.
  1469 | D:2      | Found an iron altar of Okawaru.
  1476 | D:2      | Found a shimmering altar of Xom.
  1476 | D:2      | Found a hazy altar of Hepliaklqana.
  1476 | D:2      | Found a blossoming altar of Fedhas.
  1699 | D:2      | Reached XP level 4. HP: 24/24 MP: 2/7
  2284 | D:2      | Found a sparkling altar of Nemelex Xobeh.
  2450 | D:3      | Reached XP level 5. HP: 28/28 MP: 5/9
  2499 | D:3      | Noticed Grinder
  2501 | D:3      | Paralysed by Grinder for 7 turns
  2716 | D:2      | Paralysed by Grinder for 6 turns
  2724 | D:2      | Killed Grinder
  2724 | D:2      | Reached skill level 1 in Shields
  2724 | D:2      | Reached skill level 5 in Earth Magic
  2724 | D:2      | Reached XP level 6. HP: 19/32 MP: 4/10
  3145 | D:3      | Killed from afar by an orc priest

Skill      XL: |  1  2  3  4  5  6 |
---------------+-------------------+-----
Earth Magic    | 4 5 |  5.5
Dodging        | 2 |  2.9
Stealth        | 3 4 |  4.0
Shields        | 1 |  1.8
Spellcasting   | 3 |  3.2
Transmutations | |  0.7

Action                   |  1- 3 |  4- 6 || total
-------------------------+-------+-------++-------
Melee: Unarmed           |    26 |       ||    26
       Hand axe          |    31 |    21 ||    52
       Dagger            |       |    63 ||    63
 Cast: Sandblast         |    41 |    32 ||    73
  Use: Scroll            |     1 |     5 ||     6
 Stab: Sleeping          |       |     1 ||     1
  Eat: Chunk             |     3 |     5 ||     8
Armor: Robe              |    35 |    48 ||    83
Dodge: Dodged            |    45 |    44 ||    89
Block: Shield            |    16 |    47 ||    63
